AoeStats
← theanswer5

Scandinavia

510543052Analyzed
1v1 RM · 16h ago on Oct 1, 2026· 22m 21s· 2 players
Game mode
Random Map
Map size
Tiny (2 player)
Population
200
Speed
Normal
Resources
Standard
Victory
Conquest
Starting age
Dark Age
Ending age
Imperial Age
RankedLock teamsTeams togetherTeam positionsShared explorationLock speedFull tech treeHidden civsTurbo modeCheats
Victory
Defeat
🇹🇷 Magyars · Türkiye
1621
+15
🇦🇷 Vikings · Argentina
1603
-15
dean_moriarty
3:08 Loom
12:58 Feudal Age
13:57 Double-Bit Axe
18:26 Fletching
theanswer5
5:28 Loom
10:42 Feudal Age
12:26 Double-Bit Axe
19:26 Castle Age
17:38 Fletching
18:28 Gold Mining
18:54 Padded Archer Armor
20:27 Bodkin Arrow
22:26 Stone Mining
Connection lost

Rejoining the realm…

Still unreachable

The connection could not be restored.

Session expired

The server has moved on; the page needs a fresh start.